 Dungeon Crawl Stone Soup version bcrawl-1.12-8-g964540c432 (webtiles) character file.

Game seed: 9909095714475463003

40 MisterOstroum the Sneak (level 3, 0/29 HPs)
             Began as a Formicid Archaeologist on June 8, 2019.
             Slain by a worker ant (3 damage)
             ... on level 2 of the Dungeon.
             The game lasted 00:03:34 (1729 turns).

MisterOstroum the Sneak (Formicid Archaeologist)    Turns: 1729, Time: 00:03:34

Health: 0/29       AC: 12    Str: 16    XL:     3   Next: 72%
Magic:  4/4        EV:  7    Int: 13    God:
Gold:   80         SH:  0    Dex:  9    Spells: 2/2 levels left

rFire    . . .     SeeInvis +   h - +0 club
rCold    . . .     Gourm    .   (no shield)
rNeg     . . .     Faith    .   l - +0 chain mail
rPois    .         Spirit   .   (helmet unavailable)
rElec    .         Reflect  .   (no cloak)
rCorr    .         Harm     .   c - +1 pair of gloves
MR       .....                  b - +1 pair of boots
Stlth    ..........             (no amulet)
HPRegen  0.09/turn              (no ring)
MPRegen  0.09/turn              (no ring)

@: lethally poisoned (0 -> -3), starving, studying Evocations
A: permanent stasis, dig shafts and tunnels, four strong arms, antennae 3
a: Dig, Shaft Self


You were on level 2 of the Dungeon.
You were starving.

You visited 1 branch of the dungeon, and saw 2 of its levels.

You collected 80 gold pieces.

Inventory:

Hand Weapons
 h - a +0 club (weapon)
 i - a +0 dagger
Missiles
 g - 257 stones (quivered)
 m - 143 tomahawks
Armour
 a - a +1 robe
 b - a +1 pair of boots (worn)
 c - a +1 pair of gloves (worn)
 l - a +0 chain mail (worn)
Scrolls
 j - a scroll of identify {unknown}
 k - a scroll of noise {unknown}
 n - a scroll of immolation {unknown}
 o - a scroll of fog {unknown}
Books
 d - a manual of Evocations
Miscellaneous
 f - an ancient crate
Comestibles
 e - 2 rations {!d}


   Skills:
 + Level 3.2 Fighting
 - Level 2.6 Dodging
 - Level 4.0 Stealth
 + Level 2.1 Evocations


You had 2 spell levels left.
You didn't know any spells.
Your spell library was empty.

Dungeon Overview and Level Annotations

Branches:
Dungeon (2/12)

Altars:


Innate Abilities, Weirdness & Mutations

You cannot be hasted, slowed, berserked, paralysed or teleported.
You can dig through walls and to a lower floor.
Your four strong arms can wield two-handed weapons with a shield.
You have a pair of large antennae on your head. (SInv)


Message History

The dart slug bites you but does no damage.
You hit the dart slug.
The dart slug is almost dead.
The dart slug bites you but does no damage.
You hit the dart slug.
You kill the dart slug!
There is a stone staircase leading up here.
You see here a +0 club.
There isn't anything to butcher here.
HP restored.
e - 2 rations {!d} (gained 1)
j - a scroll labeled WYEZER COZAMM You sense a monster nearby.
A rat comes into view.
You see here 11 gold pieces.
Throwing (i - inventory. (/) - cycle)
g - 259 stones (quivered)
Press: ? - help, Shift-Dir - straight line, f - rat
Aim: a rat You throw a stone.
The stone closely misses the rat.
Throwing (i - inventory. (/) - cycle)
g - 258 stones (quivered)
Press: ? - help, Shift-Dir - straight line, f/p - rat
Aim: a rat You throw a stone.
The stone hits the rat.
You kill the rat!
No target in view!
A worker ant comes into view.
The worker ant moves out of view.
The worker ant barely misses you.
You closely miss the worker ant. The worker ant bites you.
Your chain mail prevents you from hitting the worker ant.
The worker ant bites you but does no damage.
The worker ant waves its antennae.
The worker ant bites you but does no damage.
You barely miss the worker ant.
The worker ant bites you but does no damage.
You hit the worker ant.
The worker ant is lightly wounded.
The worker ant bites you but does no damage.
The worker ant barely misses you.
You closely miss the worker ant. The worker ant bites you.
You are poisoned.
The worker ant poisons you!
You closely miss the worker ant.
You feel sick.
The worker ant bites you but does no damage. x2
You hit the worker ant.
The worker ant is lightly wounded.
You feel sick. The worker ant bites you.
You are more poisoned.
The worker ant poisons you!
The worker ant bites you but does no damage.
Your chain mail prevents you from hitting the worker ant.
The worker ant is lightly wounded.
You feel sick.
The worker ant bites you but does no damage.
You hit the worker ant but do no damage.
The worker ant is lightly wounded.
You feel sick. The worker ant bites you. The worker ant barely misses you.
You closely miss the worker ant.
The worker ant is lightly wounded.
You feel sick. The worker ant closely misses you.
You hit the worker ant.
The worker ant is lightly wounded.
You feel sick.
The worker ant bites you but does no damage.
The worker ant bites you.
You hit the worker ant but do no damage.
The worker ant is lightly wounded.
You feel sick.
The worker ant bites you but does no damage.
You hit the worker ant but do no damage.
The worker ant is lightly wounded.
You feel sick. The worker ant completely misses you. The worker ant bites you.
* * * LOW HITPOINT WARNING * * *
You aren't carrying any potions.
Okay, then.
* * * LOW HITPOINT WARNING * * *
You feel sick.
You hit the worker ant.
The worker ant is moderately wounded.
* * * LOW HITPOINT WARNING * * *
You feel sick. The worker ant bites you.
* * * LOW HITPOINT WARNING * * *
The worker ant bites you but does no damage.
Your chain mail prevents you from hitting the worker ant.
The worker ant is moderately wounded.
The worker ant bites you but does no damage.
You hit the worker ant but do no damage.
The worker ant is moderately wounded.
* * * LOW HITPOINT WARNING * * *
You feel sick.
The worker ant bites you but does no damage. x2
You are starving!
You hit the worker ant but do no damage.
The worker ant is moderately wounded.
The worker ant barely misses you.
You closely miss the worker ant.
The worker ant is moderately wounded.
* * * LOW HITPOINT WARNING * * *
You feel sick. The worker ant barely misses you. The worker ant bites you.
You die...

# #.# #..# .. #.###..#
#.. ##.##...##
#...##....#.#.##
#.........#.##<#
..###..............%. #.
##$#..........#.#
#####.###........#.......
........@..........###+##
##....a#..........#
#.......#.#.....#.#
##.....##.####.##.+
.........#.# .#
...........# #
.........### ###...####
#...


You could see a worker ant.

Vanquished Creatures
  A worm (D:1)
  A dart slug (D:2)
  A leopard gecko (D:1)
  A ball python (D:1)
  4 bats (D:1)
  2 giant cockroaches (D:1)
  2 goblins (D:1)
  5 hobgoblins
  3 jackals
  4 frilled lizards (D:1)
  4 kobolds (D:1)
  4 rats
32 creatures vanquished.

Notes
Turn   | Place    | Note
-------+----------+-------------------------------------------
     0 | D:1      | MisterOstroum the Formicid Archaeologist began the quest
                  | for the Orb.
     0 | D:1      | Reached XP level 1. HP: 15/15 MP: 1/1
   367 | D:1      | Reached XP level 2. HP: 22/22 MP: 2/2
   725 | D:1      | Reached XP level 3. HP: 21/29 MP: 3/3
  1010 | D:1      | Reached skill level 1 in Evocations
  1729 | D:2      | Slain by a worker ant

Skill      XL: |  1  2  3 |
---------------+----------+-----
Fighting       | 2 3 |  3.2
Evocations     | 2 |  2.1
Dodging        | |  2.6
Stealth        | |  4.0

Action                   || total
-------------------------++-------
Melee: Club              ||   180
       Unarmed           ||    16
       Dagger            ||    16
Throw: Stone             ||    96
 Stab: Sleeping          ||     1
  Eat: Chunk             ||     1
Armor: Robe              ||    10
       Chain mail        ||   157
       Skin              ||     1
Dodge: Dodged            ||   100
